[ AOE2 MATCH · #495853297 ]
UnrankedKhitans vs Slavs
Player's team · WIN
Rival team · LOSS
[ REPLAY ANALYSIS · EXTRACTED FROM THE RECORDED GAME ]
Feudal
10:55
Castle
14:59
Imperial
28:37
| APM avg | 51.7 |
| APM peak | 101 |
| eAPM avg | 26.8 |
| Villagers / military | 233 / 50 |
Focus
⚔️ 32.1% · 🌾 67.9%
Cavalry Archer ×36 · Unknown (1920) ×32 · Unknown (1923) ×30 · Scout Cavalry ×5 · Steppe Lancer ×4 · Trebuchet (Packed) ×3
Feudal
11:00
Castle
15:20
Imperial
29:33
| APM avg | 42.8 |
| APM peak | 79 |
| eAPM avg | 26.8 |
| Villagers / military | 160 / 260 |
Focus
⚔️ 50.9% · 🌾 49.1%
Spearman ×168 · Scorpion ×86 · Trebuchet (Packed) ×6
Match map
Initial resources + every placement click. Lines = walls · curves = elevation contours. ◆ gold · ⬟ stone · ● berries · ✦ relic · ◌ wall gap
Your base· ✓ Closed at 14:59 · 0t walls · 2 gate(s)
Reigns23's base· ✓ Closed at 15:20 · 0t walls · 2 gate(s)
Smoothed initial terrain · ◌ = detected wall gap · hover for details
Inputs per minute
— random_aoe_user - - Reigns23
Build order — random_aoe_user
First 150 of 518 actions detected
| 0:00 | Queue | Villager (Male) |
| 0:00 | Queue | Villager (Male) |
| 0:00 | Queue | Villager (Male) |
| 0:00 | Queue | Villager (Male) |
| 0:00 | Queue | Villager (Male) |
| 0:02 | Build | House |
| 0:02 | Build | House |
| 1:28 | Queue | Villager (Male) |
| 1:28 | Queue | Villager (Male) |
| 1:28 | Queue | Villager (Male) |
| 1:28 | Queue | Villager (Male) |
| 1:28 | Queue | Villager (Male) |
| 1:45 | Queue | Villager (Male) |
| 1:55 | Build | Lumber Camp |
| 2:06 | Queue | Villager (Male) |
| 2:06 | Queue | Villager (Male) |
| 2:06 | Queue | Villager (Male) |
| 2:06 | Queue | Villager (Male) |
| 2:06 | Queue | Villager (Male) |
| 2:41 | Queue | Villager (Male) |
| 2:41 | Queue | Villager (Male) |
| 2:41 | Queue | Villager (Male) |
| 2:41 | Queue | Villager (Male) |
| 2:41 | Queue | Villager (Male) |
| 2:41 | Queue | Villager (Male) |
| 2:45 | Build | House |
| 2:54 | Queue | Villager (Male) |
| 2:54 | Queue | Villager (Male) |
| 2:54 | Queue | Villager (Male) |
| 2:54 | Queue | Villager (Male) |
| 2:54 | Queue | Villager (Male) |
| 2:54 | Queue | Villager (Male) |
| 2:54 | Queue | Villager (Male) |
| 3:19 | Queue | Villager (Male) |
| 3:19 | Queue | Villager (Male) |
| 3:19 | Queue | Villager (Male) |
| 3:19 | Queue | Villager (Male) |
| 3:19 | Queue | Villager (Male) |
| 3:46 | Queue | Villager (Male) |
| 3:46 | Queue | Villager (Male) |
| 3:46 | Queue | Villager (Male) |
| 3:46 | Queue | Villager (Male) |
| 3:46 | Queue | Villager (Male) |
| 3:51 | Build | Mill |
| 4:18 | Queue | Villager (Male) |
| 4:18 | Queue | Villager (Male) |
| 4:18 | Queue | Villager (Male) |
| 4:18 | Queue | Villager (Male) |
| 4:18 | Queue | Villager (Male) |
| 4:42 | Queue | Villager (Male) |
| 4:42 | Queue | Villager (Male) |
| 4:42 | Queue | Villager (Male) |
| 4:42 | Queue | Villager (Male) |
| 4:42 | Queue | Villager (Male) |
| 4:42 | Queue | Villager (Male) |
| 4:55 | Queue | Villager (Male) |
| 4:55 | Queue | Villager (Male) |
| 4:55 | Queue | Villager (Male) |
| 4:55 | Queue | Villager (Male) |
| 4:55 | Queue | Villager (Male) |
| 4:55 | Queue | Villager (Male) |
| 5:06 | Build | House |
| 5:44 | Queue | Villager (Male) |
| 5:44 | Queue | Villager (Male) |
| 5:44 | Queue | Villager (Male) |
| 5:44 | Queue | Villager (Male) |
| 5:44 | Queue | Villager (Male) |
| 5:44 | Queue | Villager (Male) |
| 6:08 | Queue | Villager (Male) |
| 6:08 | Queue | Villager (Male) |
| 6:08 | Queue | Villager (Male) |
| 6:08 | Queue | Villager (Male) |
| 6:08 | Queue | Villager (Male) |
| 6:08 | Queue | Villager (Male) |
| 6:20 | Build | Lumber Camp |
| 6:28 | Build | Pasture |
| 6:42 | Queue | Villager (Male) |
| 6:42 | Queue | Villager (Male) |
| 6:42 | Queue | Villager (Male) |
| 6:42 | Queue | Villager (Male) |
| 6:42 | Queue | Villager (Male) |
| 6:42 | Queue | Villager (Male) |
| 6:52 | Queue | Villager (Male) |
| 6:52 | Queue | Villager (Male) |
| 6:52 | Queue | Villager (Male) |
| 6:52 | Queue | Villager (Male) |
| 6:52 | Queue | Villager (Male) |
| 6:52 | Queue | Villager (Male) |
| 6:52 | Queue | Villager (Male) |
| 6:57 | Queue | Villager (Male) |
| 6:57 | Queue | Villager (Male) |
| 6:57 | Queue | Villager (Male) |
| 6:57 | Queue | Villager (Male) |
| 6:57 | Queue | Villager (Male) |
| 6:57 | Queue | Villager (Male) |
| 7:10 | Build | House |
| 7:43 | Build | Mining Camp |
| 8:16 | Research | Feudal Age |
| 8:29 | Build | Pasture |
| 9:20 | Build | Barracks |
| 9:26 | Queue | Villager (Male) |
| 9:26 | Queue | Villager (Male) |
| 10:55 | Age | Feudal Age |
| 11:01 | Build | Stable |
| 11:15 | Build | Market |
| 11:49 | Queue | Villager (Male) |
| 12:20 | Research | Castle Age |
| 12:31 | Research | Tech 1014 |
| 12:44 | Queue | Scout Cavalry |
| 12:50 | Research | Double-Bit Axe |
| 13:03 | Build | House |
| 13:13 | Queue | Scout Cavalry |
| 13:21 | Build | House |
| 13:28 | Build | Pasture |
| 13:32 | Queue | Villager (Male) |
| 13:40 | Queue | Scout Cavalry |
| 13:53 | Build | House |
| 14:10 | Queue | Scout Cavalry |
| 14:18 | Queue | Villager (Male) |
| 14:55 | Build | Pasture |
| 14:59 | Age | Castle Age |
| 15:06 | Build | Monastery |
| 15:22 | Queue | Villager (Male) |
| 15:25 | Research | Light Cavalry (upgrade) |
| 15:30 | Queue | Steppe Lancer |
| 15:31 | Queue | Villager (Male) |
| 15:39 | Build | Town Center |
| 15:42 | Queue | Villager (Male) |
| 16:04 | Build | Pasture |
| 16:08 | Queue | Scout Cavalry |
| 16:11 | Queue | Steppe Lancer |
| 16:13 | Queue | Monk |
| 16:21 | Build | Monastery |
| 16:29 | Queue | Villager (Male) |
| 16:32 | Queue | Villager (Male) |
| 16:37 | Build | Pasture |
| 16:48 | Build | Pasture |
| 16:55 | Queue | Villager (Male) |
| 17:01 | Queue | Villager (Male) |
| 17:11 | Queue | Villager (Male) |
| 17:22 | Queue | Villager (Male) |
| 17:28 | Build | Pasture |
| 17:31 | Queue | Monk |
| 17:36 | Queue | Villager (Male) |
| 17:47 | Build | Town Center |
| 18:03 | Queue | Villager (Male) |
| 18:11 | Queue | Villager (Male) |
| 18:11 | Queue | Villager (Male) |
| 18:20 | Queue | Villager (Male) |
| 18:20 | Queue | Villager (Male) |
Build order — Reigns23
First 150 of 461 actions detected
| 0:01 | Queue | Villager (Male) |
| 0:01 | Queue | Villager (Male) |
| 0:03 | Build | House |
| 0:08 | Build | House |
| 0:12 | Queue | Villager (Male) |
| 0:13 | Queue | Villager (Male) |
| 1:29 | Queue | Villager (Male) |
| 1:52 | Queue | Villager (Male) |
| 2:04 | Build | Lumber Camp |
| 2:22 | Queue | Villager (Male) |
| 2:54 | Queue | Villager (Male) |
| 3:24 | Queue | Villager (Male) |
| 3:24 | Queue | Villager (Male) |
| 3:47 | Queue | Villager (Male) |
| 3:51 | Build | House |
| 3:52 | Build | House |
| 4:05 | Queue | Villager (Male) |
| 4:36 | Queue | Villager (Male) |
| 4:36 | Queue | Villager (Male) |
| 4:54 | Build | Mill |
| 5:08 | Queue | Villager (Male) |
| 5:17 | Queue | Villager (Male) |
| 5:33 | Queue | Villager (Male) |
| 5:37 | Queue | Villager (Male) |
| 5:53 | Queue | Villager (Male) |
| 6:35 | Build | Farm |
| 6:38 | Queue | Villager (Male) |
| 7:18 | Queue | Villager (Male) |
| 7:32 | Build | Farm |
| 8:15 | Build | Mining Camp |
| 8:22 | Research | Feudal Age |
| 8:44 | Build | Farm |
| 9:21 | Build | House |
| 9:52 | Queue | Villager (Male) |
| 10:11 | Build | Barracks |
| 10:38 | Queue | Villager (Male) |
| 11:00 | Age | Feudal Age |
| 11:01 | Build | Market |
| 11:08 | Queue | Villager (Male) |
| 11:14 | Build | Blacksmith |
| 11:44 | Queue | Villager (Male) |
| 12:13 | Research | Loom |
| 12:35 | Build | Farm |
| 12:38 | Research | Castle Age |
| 12:59 | Research | Double-Bit Axe |
| 13:17 | Research | Horse Collar |
| 13:29 | Build | House |
| 13:31 | Build | House |
| 13:34 | Build | House |
| 13:42 | Queue | Spearman |
| 13:43 | Queue | Spearman |
| 14:36 | Queue | Spearman |
| 14:41 | Queue | Villager (Male) |
| 14:45 | Build | Farm |
| 14:47 | Queue | Villager (Male) |
| 15:10 | Queue | Villager (Male) |
| 15:13 | Queue | Spearman |
| 15:13 | Queue | Villager (Male) |
| 15:20 | Age | Castle Age |
| 15:25 | Build | Town Center |
| 15:31 | Build | Town Center |
| 15:40 | Queue | Spearman |
| 15:44 | Build | Farm |
| 15:50 | Queue | Villager (Male) |
| 15:53 | Build | Farm |
| 15:53 | Queue | Villager (Male) |
| 15:56 | Build | Farm |
| 15:59 | Build | Farm |
| 16:12 | Queue | Spearman |
| 16:29 | Build | Farm |
| 16:35 | Build | Farm |
| 16:41 | Queue | Villager (Male) |
| 16:48 | Queue | Villager (Male) |
| 16:55 | Build | Farm |
| 17:01 | Build | Farm |
| 17:07 | Build | Farm |
| 17:14 | Queue | Villager (Male) |
| 17:25 | Queue | Villager (Male) |
| 17:29 | Build | Farm |
| 17:35 | Build | Farm |
| 17:43 | Queue | Villager (Male) |
| 17:52 | Build | Farm |
| 17:55 | Queue | Villager (Male) |
| 17:56 | Queue | Villager (Male) |
| 18:14 | Research | Bow Saw |
| 18:14 | Research | Bow Saw |
| 18:19 | Queue | Villager (Male) |
| 18:39 | Queue | Villager (Male) |
| 18:43 | Queue | Villager (Male) |
| 18:52 | Queue | Villager (Male) |
| 19:03 | Build | Mill |
| 19:04 | Build | Farm |
| 19:04 | Build | Farm |
| 19:04 | Build | Farm |
| 19:05 | Build | Farm |
| 19:05 | Build | Farm |
| 19:05 | Build | Farm |
| 19:05 | Build | Farm |
| 19:06 | Build | Farm |
| 19:06 | Build | Farm |
| 19:06 | Build | Farm |
| 19:06 | Build | Farm |
| 19:07 | Build | Farm |
| 19:07 | Build | Farm |
| 19:08 | Build | Farm |
| 19:09 | Queue | Villager (Male) |
| 19:12 | Queue | Villager (Male) |
| 19:25 | Queue | Villager (Male) |
| 19:31 | Build | House |
| 19:34 | Build | House |
| 19:36 | Build | House |
| 19:37 | Queue | Villager (Male) |
| 19:40 | Queue | Villager (Male) |
| 19:46 | Build | Farm |
| 19:53 | Queue | Villager (Male) |
| 19:57 | Build | Farm |
| 19:59 | Queue | Villager (Male) |
| 20:28 | Queue | Villager (Male) |
| 20:30 | Queue | Villager (Male) |
| 20:31 | Queue | Villager (Male) |
| 20:31 | Queue | Villager (Male) |
| 20:33 | Build | Farm |
| 20:47 | Research | Heavy Plow |
| 20:49 | Queue | Villager (Male) |
| 20:53 | Build | Lumber Camp |
| 21:03 | Build | Farm |
| 21:10 | Build | Farm |
| 21:11 | Queue | Villager (Male) |
| 21:18 | Research | Town Watch |
| 21:19 | Queue | Villager (Male) |
| 21:20 | Queue | Villager (Male) |
| 21:25 | Build | House |
| 21:29 | Build | Farm |
| 21:46 | Research | Wheelbarrow |
| 21:49 | Queue | Villager (Male) |
| 21:53 | Build | Farm |
| 21:55 | Build | Farm |
| 22:02 | Build | Farm |
| 22:07 | Build | Farm |
| 22:08 | Queue | Villager (Male) |
| 22:08 | Queue | Villager (Male) |
| 22:11 | Queue | Villager (Male) |
| 22:12 | Queue | Villager (Male) |
| 22:15 | Build | Farm |
| 22:16 | Queue | Villager (Male) |
| 22:19 | Build | Farm |
| 22:20 | Queue | Villager (Male) |
| 22:23 | Build | Farm |
| 22:24 | Queue | Villager (Male) |
| 22:38 | Build | Farm |
Match timeline
| 9:20 | random_aoe_user · first_building Barracks |
| 10:11 | Reigns23 · first_building Barracks |
| 10:55 | random_aoe_user · age_up feudal |
| 11:00 | Reigns23 · age_up feudal |
| 11:01 | random_aoe_user · first_building Stable |
| 12:15 | random_aoe_user · first_market_sell 100 wood |
| 12:17 | random_aoe_user · first_market_buy 100 food |
| 14:59 | random_aoe_user · age_up castle |
| 15:06 | random_aoe_user · first_building Monastery |
| 15:20 | Reigns23 · age_up castle |
| 16:21 | Reigns23 · first_market_buy 100 wood |
| 25:18 | Reigns23 · first_building Castle |
| 25:21 | Reigns23 · wall_segment Stone Wall x1 |
| 25:57 | random_aoe_user · first_building Archery Range |
| 26:10 | random_aoe_user · first_building Castle |
| 26:20 | Reigns23 · first_building Siege Workshop |
| 26:50 | random_aoe_user · first_building Siege Workshop |
| 28:37 | random_aoe_user · age_up imperial |
| 29:33 | Reigns23 · age_up imperial |
| 42:14 | Reigns23 · first_market_sell 500 wood |
| 44:36 | Reigns23 · resign |
[ AI ANALYSIS · 1 CREDIT ]
What really happened in this match?
Wolo.gg analyzes every decision: build order, eco, micro, common mistakes by bracket. Personalized analysis on WhatsApp or Discord in 30 seconds.
Civ guide
Khitans
Perfil
random_aoe_user